 Dungeon Crawl Stone Soup version 0.28.0-53-g5a82cb258f (webtiles) character file.

Game seed: 638370134109858710

6269 Tirrikindir the Grappler (level 10, -4/98 HPs)
             Began as a Troll Fighter on Aug 12, 2022.
             Was an Elder of Trog.
             Slain by a small abomination (6 damage)
             ... on level 2 of the Abyss.
             The game lasted 00:21:41 (5796 turns).

Tirrikindir the Grappler (Troll Fighter)            Turns: 5796, Time: 00:21:42

Health: -4/98      AC: 11    Str: 32    XL:     10   Next: 62%
Magic:  9/9        EV: 10    Int:  4    God:    Trog [****..]
Gold:   456        SH:  0    Dex: 19    Spells: 9/9 levels left

rFire   . . .      SeeInvis .     - Unarmed
rCold   . . .      Faith    .   b - +1 kite shield
rNeg    . . .      Spirit   .   v - +0 swamp dragon scales
rPois   +          Reflect  .   (helmet restricted)
rElec   .          Harm     .   w - +0 cloak
rCorr   .          Rampage  .   (gloves unavailable)
Will    .....                   (boots unavailable)
Stlth   ..........              (no amulet)
HPRegen 1.06/turn               j - +6 ring of strength
MPRegen 0.11/turn               o - +6 ring of dexterity

@: confused, mighty
A: large, unfitting armour, claws 3, regeneration 1, shaggy fur 1, tough skin 1
a: Renounce Religion, Berserk, Trog's Hand, Brothers in Arms


You were on level 2 of the Abyss.
You worshipped Trog.
Trog was greatly pleased with you.
You visited 2 branches of the dungeon, and saw 10 of its levels.
You visited the Abyss 1 time.

You collected 456 gold pieces.

Inventory:

Hand Weapons
 p - a +4 long sword
 u - a +2 war axe of flaming
Missiles
 m - 7 boomerangs (quivered)
Armour
 b - a +1 kite shield (worn)
 v - +0 swamp dragon scales (worn)
 w - a +0 cloak (worn)
Jewellery
 d - a +6 ring of intelligence
 f - a +6 ring of strength
 g - a ring of poison resistance
 j - a +6 ring of strength (left claw)
 o - a +6 ring of dexterity (right claw)
 s - a ring of see invisible
Wands
 a - a wand of paralysis (8)
 l - a wand of mindburst (8)
 n - a wand of iceblast (21)
 q - a wand of polymorph (5)
Scrolls
 h - a scroll of enchant weapon
 i - a scroll of fear
 k - a scroll of amnesia {unknown}
 r - a scroll of silence
 t - a scroll of magic mapping
Potions
 c - 2 potions of might
 e - 2 potions of magic


   Skills:
 * Level 5.7 Fighting
 + Level 1.9 Throwing
 * Level 4.9 Armour
 * Level 4.9 Dodging
 * Level 4.8 Shields
 * Level 10.5 Unarmed Combat
 + Level 3.4 Evocations


You had 9 spell levels left.
You didn't know any spells.
Your spell library contained the following spells:

 Spells                   Type           Power      Damage    Failure   Level
 Pain                     Necr           0%         1d4       87%         1
 Agony                    Necr           0%         N/A       100%        5
 Excruciating Wounds      Necr           0%         N/A       100%        5


Dungeon Overview and Level Annotations

Branches:
Dungeon (9/15)             Temple (1/1) D:6            Lair (0/6) D:9
    Orc: D:9-12

Altars:
Ashenzari
Cheibriados
Dithmenos
Elyvilon
Fedhas
Gozag
Hepliaklqana
Kikubaaqudgha
Makhleb
Nemelex Xobeh
Okawaru
Qazlal
Ru
Sif Muna
Trog
Uskayaw
Vehumet
Wu Jian
Xom
Yredelemnul
The Shining One

Shops:
D:3 =   D:6 *


Innate Abilities, Weirdness & Mutations

You are too large for most types of armour.
You have claws for hands.
Your natural rate of healing is unusually fast.
You are covered in fur. (AC +1)
You have tough skin. (AC +1)


Message History

The ufetubus hits you but does no damage.
The ufetubus closely misses you. x2; The ufetubus barely misses you.
The ufetubus hits you but does no damage.
The ufetubus closely misses you. The ufetubus barely misses you.
The ynoxinul hits you but does no damage.
The small abomination hits you but does no damage.
You closely miss the ufetubus.
The ufetubus hits you but does no damage. x2
The ufetubus barely misses you. x2
The golden eye blinks at you.
You easily resist.
The ufetubus hits you but does no damage.
The ufetubus barely misses you. The ufetubus closely misses you.
The ufetubus hits you but does no damage.
The small abomination hits you!
* * * LOW HITPOINT WARNING * * *
The ufetubus misses you.
The ufetubus hits you but does no damage.
The ynoxinul gestures.
You bump into the stone wall.
The ufetubus disappears in a puff of smoke!
The ufetubus barely misses you.
The ufetubus hits you but does no damage.
The ufetubus barely misses you. The ufetubus hits you.
* * * LOW HITPOINT WARNING * * *
The small abomination hits you but does no damage.
The ynoxinul hits you.
* * * LOW HITPOINT WARNING * * *
The ufetubus closely misses you.
The ufetubus hits you but does no damage.
You are too confused!
Okay, then.
You are too confused!
You claw the ufetubus!
You kill the ufetubus!
The ufetubus disappears in a puff of smoke!
The ufetubus closely misses you.
The ufetubus hits you but does no damage.
The small abomination hits you.
You die...

. ..... #.## # .
......... #.##. . #
. #..# ..#.#.### .
.. #..##..##..#≈
.≈..3 # .. .
........' +#+#§# ..
....... .. ≈E≈≈ ≈
#. ##5.##... #§. #
..##..##x.##..#. _.
+ ......§@355.....#
≈≈≈#.
......G555......# #
+
..##..##5.##..#....
#.. #..## .##..#..
... .........## .#
................ .#
..##..# ..##..#.##
.. . #..##.. #


You could see a ynoxinul, a small abomination, a golden eye and 7 ufetubi.

Vanquished Creatures
  Pikel (D:4)
  An ugly thing (D:9)
  Joseph (D:7)
  Maurice (D:8)
  Maggie (D:7)
  2 trolls
  Prince Ribbit (D:6)
  A raiju (Abyss:2)
  A wyvern (D:8)
  A neqoxec (Abyss:2)
  Menkaure (D:7)
  3 orc warriors
  2 necrophages
  2 ice beasts (D:7)
  An ogre (D:5)
  A wolf (D:9)
  4 centaurs
  A phantom (D:6)
  A lemure (D:4)
  A kobold brigand (D:9)
  2 bullfrogs
  A wyvern zombie (D:7)
  A scorpion (D:5)
  11 killer bees (D:8)
  A water moccasin skeleton (D:5)
  12 wights
  2 howler monkeys
  A bullfrog zombie (D:7)
  A quasit (Abyss:2)
  2 centaur zombies (D:8)
  4 hounds
  A jelly (D:6)
  7 orc priests
  4 bullfrog skeletons
  2 centaur skeletons
  An iguana (D:6)
  A scorpion zombie (D:5)
  5 orc wizards
  Ijyb (D:4)
  A hound zombie (D:5)
  A hound skeleton (D:4)
  2 howler monkey zombies
  5 adders
  An ufetubus (D:5)
  4 worms
  3 dart slugs
  30 orcs
  3 endoplasms
  3 giant cockroaches (D:1)
  2 goblins
  5 hobgoblins
  2 quokkas
  8 ball pythons
  6 bats
  5 frilled lizards
  13 kobolds
  4 rats
186 creatures vanquished.

Vanquished Creatures (others)
  2 fungi (D:2)
  10 plants (D:2)
12 creatures vanquished.

Grand Total: 198 creatures vanquished

Notes
Turn   | Place    | Note
-------+----------+-------------------------------------------
     0 | D:1      | Tirrikindir the Troll Fighter began the quest for the Orb.
     0 | D:1      | Reached XP level 1. HP: 22/22 MP: 0/0
   217 | D:1      | Reached XP level 2. HP: 29/29 MP: 1/1
   458 | D:2      | Reached XP level 3. HP: 30/36 MP: 2/2
   503 | D:2      | Found a faded altar of an unknown god.
   512 | D:2      | Prayed at the altar of an unknown god.
   512 | D:2      | Became a worshipper of Trog the Wrathful
   512 | D:2      | Reached * piety under Trog
   697 | D:2      | Found a shimmering altar of Xom.
  1209 | D:2      | Reached skill level 3 in Unarmed Combat
  1479 | D:3      | Found Gaekomn's Jewellery Boutique.
  1602 | D:3      | Reached ** piety under Trog
  1762 | D:3      | Reached XP level 4. HP: 44/44 MP: 3/3
  2354 | D:4      | Noticed a lemure
  2355 | D:4      | Noticed a lemure
  2361 | D:4      | Killed a lemure
  2362 | D:4      | Noticed Pikel
  2362 | D:4      | Noticed a lemure
  2375 | D:4      | Killed Pikel
  2376 | D:4      | Reached skill level 1 in Armour
  2376 | D:4      | Reached skill level 5 in Unarmed Combat
  2376 | D:4      | Reached XP level 5. HP: 53/53 MP: 4/4
  2376 | D:4      | Reached XP level 6. HP: 61/61 MP: 5/5
  2376 | D:4      | Reached XP level 7. HP: 67/67 MP: 6/6
  2948 | D:4      | Noticed Ijyb
  2958 | D:4      | Killed Ijyb
  3045 | D:5      | Entered Level 5 of the Dungeon
  3117 | D:5      | Reached XP level 8. HP: 74/78 MP: 7/7
  3128 | D:5      | Reached skill level 6 in Unarmed Combat
  3128 | D:5      | Reached skill level 1 in Evocations
  3523 | D:5      | Reached *** piety under Trog
  3569 | D:6      | Found a staircase to the Ecumenical Temple.
  3578 | Temple   | Entered the Ecumenical Temple
  3741 | D:6      | Found Ycytz's Fire Supplies.
  3768 | D:6      | Reached skill level 7 in Unarmed Combat
  3969 | D:6      | Noticed a troll
  3974 | D:6      | Noticed Prince Ribbit
  3979 | D:6      | Killed a troll
  3980 | D:6      | Reached skill level 5 in Fighting
  3980 | D:6      | Reached skill level 8 in Unarmed Combat
  3980 | D:6      | Reached XP level 9. HP: 88/88 MP: 8/8
  3985 | D:6      | Killed Prince Ribbit
  4197 | D:7      | Noticed Maggie
  4212 | D:7      | Killed Maggie
  4213 | D:7      | Reached skill level 9 in Unarmed Combat
  4270 | D:7      | Noticed Joseph
  4280 | D:7      | Killed Joseph
  4336 | D:7      | Reached skill level 10 in Unarmed Combat
  4506 | D:7      | Noticed Menkaure
  4583 | D:7      | Killed Menkaure
  4796 | D:7      | Reached XP level 10. HP: 87/96 MP: 9/9
  5049 | D:8      | Noticed Maurice
  5056 | D:8      | Killed Maurice
  5057 | D:8      | Reached skill level 1 in Throwing
  5059 | D:8      | Reached **** piety under Trog
  5586 | D:9      | Found a staircase to the Lair.
  5676 | D:9      | Noticed a brown ugly thing
  5677 | D:9      | Noticed a wizard
  5684 | D:9      | Killed a brown ugly thing
  5687 | D:9      | Cast into level 2 of the Abyss (a wizard)
  5769 | Abyss:2  | Found a corrupted altar of Lugonu.
  5795 | Abyss:2  | HP: 1/98 [ynoxinul (6)]
  5796 | Abyss:2  | Slain by a small abomination

Illustrated notes

Levels and vault maps discovered:
D:1:      scummos_arrival_hexagon, layout_basic, minmay_misc_feat_tower,
          serial_park_tiny_pond, kennysheep_another_room
D:2:      layout_basic, basic_altar, shapermc_ecumenical_altar_hornbeckon,
          skrybe_limestone_x
D:3:      layout_basic, serial_shops, shop
D:4:      layout_gridville, hangedman_decor_opposing, hangedman_decor_points,
          uniq_ijyb, uniq_pikel
D:5:      layout_rooms
D:6:      layout_cave_pools, minmay_temple_entry_large_hall,
          nicolae_shop_fire_sale [nicolae_sub_dead_trees], uniq_prince_ribbit1
D:7:      layout_rooms, kennysheep_flooded_box, kennysheep_generic_room_8,
          uniq_maggie, uniq_joseph, uniq_menkaure
D:8:      layout_rooms, uniq_maurice
D:9:      layout_rooms, erik_lair_island, minivault_20
Temple:   kilobyte_greek_temple
Abyss:2:  base: D:3, minivault_26, hangedman_abyss_overflow_altar,
          hangedman_abyss_overflow_altar

Skill      XL: |  1  2  3  4  5  6  7  8  9 10 |
---------------+-------------------------------+-----
Unarmed Combat | 3 5 8 10 | 10.5
Dodging        | 3 4 |  4.9
Shields        | 3 4 |  4.8
Fighting       | 3 4 5 |  5.7
Armour         | 1 2 4 |  4.9
Evocations     | 2 3 |  3.4
Throwing       | 1 |  1.9

Action                   |  1- 3 |  4- 6 |  7- 9 | 10-12 || total
-------------------------+-------+-------+-------+-------++-------
Melee: Unarmed           |   116 |    40 |   228 |   145 ||   529
Throw: Boomerang         |       |       |     2 |     1 ||     3
Invok: Berserk           |       |     1 |     4 |     2 ||     7
       Trog's Hand       |       |       |     2 |       ||     2
Evoke: Wand              |       |       |       |     1 ||     1
  Use: Potion            |     3 |       |     3 |     1 ||     7
       Scroll            |     4 |     1 |     5 |     2 ||    12
 Stab: Sleeping          |     3 |       |       |       ||     3
Armor: Robe              |    20 |     9 |    28 |       ||    57
       Swamp dragon scal |       |       |    13 |    65 ||    78
       Troll leather arm |       |       |     6 |       ||     6
Dodge: Dodged            |    36 |    14 |    81 |    92 ||   223
Block: Kite shield       |    29 |    16 |   124 |    94 ||   263
